PA
ALAMEDA AIRMEN @ GALESBURG GUZZLERS
09/06/2038
 
TOP OF THE 1ST
Alameda Airmen batting - Pitching for Galesburg Guzzlers : RHP Hunter Summers
Pitching: RHP Hunter Summers
Batting: RHB John Mast 0-0: Swinging Strike
0-1: Ball
1-1: Swinging Strike
1-2: Foul Ball, location: 2F
1-2: Strikes out looking
Batting: RHB Donovan Forde 0-0: Foul Ball, location: 2F
0-1: Called Strike
0-2: Ball
1-2: Fly out, F7 (Flyball, 7LSF, EV 78.8 MPH)
Batting: RHB Johnny Jones 0-0: Ball
1-0: Ball
2-0: Ball
3-0: Called Strike
3-1: Fly out, F7 (Line Drive, 7, EV 94.4 MPH)
Top of the 1st over - 0 runs, 0 hits, 0 errors, 0 left on base; Alameda 0 - Galesburg 0
BOTTOM OF THE 1ST
Galesburg Guzzlers batting - Pitching for Alameda Airmen : RHP Dylan Grandjean
Pitching: RHP Dylan Grandjean
Batting: LHB Luis Escribano 0-0: Ground out U3 (Groundball, 3, EV 109.4 MPH)
Batting: LHB Darryl Harris 0-0: Ball
1-0: Ball
2-0: Fly out, F9 (Flyball, 9, EV 83.8 MPH)
Batting: RHB Gerald Johnston 0-0: Called Strike
0-1: Ground out 4-3 (Groundball, 4M, EV 101.2 MPH)
Bottom of the 1st over - 0 runs, 0 hits, 0 errors, 0 left on base; Alameda 0 - Galesburg 0
TOP OF THE 2ND
Alameda Airmen batting - Pitching for Galesburg Guzzlers : RHP Hunter Summers
Batting: LHB León Sandoval 0-0: Called Strike
0-1: Ball
1-1: Swinging Strike
1-2: Foul Ball, location: 2F
1-2: SOLO HOME RUN (Line Drive, 78XD, EV 108.8 MPH), Distance : 408 ft
Batting: RHB A.T. Tappman 0-0: SINGLE (Flyball, 9LS, EV 93.8 MPH)
Batting: RHB Brandon Wilson 0-0: Ball
1-0: Called Strike
1-1: Called Strike
1-2: Strikes out swinging
Batting: RHB Won-sub Ha 0-0: Foul Ball, location: 2F
0-1: Swinging Strike
A.T. Tappman is caught stealing 2nd base 2-4
0-2: Fly out, F9 (Flyball, 89S, EV 82.5 MPH)
Top of the 2nd over - 1 run, 2 hits, 0 errors, 0 left on base; Alameda 1 - Galesburg 0
BOTTOM OF THE 2ND
Galesburg Guzzlers batting - Pitching for Alameda Airmen : RHP Dylan Grandjean
Batting: LHB Leonid Machehin 0-0: Ball
1-0: Called Strike
1-1: Ball
2-1: Ball
3-1: SINGLE (Line Drive, 89S, EV 108.1 MPH)
Batting: RHB Shi-xian Zhào 0-0: Foul Ball, location: 2F
0-1: Called Strike
0-2: Ball
1-2: Fly out, F9 (Flyball, 89D, EV 88.8 MPH)
Batting: RHB Will Gary 0-0: Ball
1-0: Called Strike
1-1: DOUBLE (Flyball, 7LD, EV 95.6 MPH)
Leonid Machehin to third
Batting: LHB Oscar Finley 0-0: Called Strike
0-1: Fly out, F7 (Flyball, 7LM, EV 88.8 MPH)
Runner from 3rd tags up, SCORES, throw by LF
Will Gary to third
Batting: RHB Ju-ho Ko 0-0: Foul Ball, location: 2F
0-1: Called Strike
0-2: Ball
1-2: Foul Ball, location: 2F
1-2: Foul Ball, location: 2F
1-2: Foul Ball, location: 2F
1-2: Strikes out looking
Bottom of the 2nd over - 1 run, 2 hits, 0 errors, 1 left on base; Alameda 1 - Galesburg 1
TOP OF THE 3RD
Alameda Airmen batting - Pitching for Galesburg Guzzlers : RHP Hunter Summers
Batting: RHB Nicodemo Nardone 0-0: Ball
1-0: DOUBLE (Groundball, 5L, EV 108.8 MPH)
Batting: RHB Tuputahi Cani 0-0: Ball
1-0: Called Strike
1-1: Foul Ball, location: 2F
1-2: Ball
2-2: Ground out U3 (Groundball, 34S, EV 76.2 MPH)
Nicodemo Nardone to third
Batting: RHB John Mast 0-0: Called Strike
0-1: Ball
1-1: Foul Ball, location: 2F
1-2: Foul Ball, location: 2F
1-2: Foul Ball, location: 2F
1-2: Fly out, F9 (Flyball, 8RS, EV 78.8 MPH)
Batting: RHB Donovan Forde 0-0: Called Strike
0-1: Ball
1-1: Called Strike
1-2: Foul Ball, location: 2F
1-2: Ball
2-2: SINGLE (Flyball, 78S, EV 88.8 MPH)
Nicodemo Nardone scores
Batting: RHB Johnny Jones 0-0: Ground out 4-3 (Groundball, 4S, EV 84.4 MPH)
Top of the 3rd over - 1 run, 2 hits, 0 errors, 1 left on base; Alameda 2 - Galesburg 1
BOTTOM OF THE 3RD
Galesburg Guzzlers batting - Pitching for Alameda Airmen : RHP Dylan Grandjean
Batting: RHB Bradley Le Maistre 0-0: Called Strike
0-1: Swinging Strike
0-2: Strikes out swinging
Batting: LHB Luis Escribano 0-0: Called Strike
0-1: Ball
1-1: Swinging Strike
1-2: Strikes out looking
Batting: LHB Darryl Harris 0-0: Foul Ball, location: 2F
0-1: Ball
1-1: Swinging Strike
1-2: Ball
2-2: Strikes out swinging
Bottom of the 3rd over - 0 runs, 0 hits, 0 errors, 0 left on base; Alameda 2 - Galesburg 1
TOP OF THE 4TH
Alameda Airmen batting - Pitching for Galesburg Guzzlers : RHP Hunter Summers
Batting: LHB León Sandoval 0-0: Fly out, F9 (Line Drive, 9, EV 90.6 MPH)
Batting: RHB A.T. Tappman 0-0: Ball
1-0: Ball
2-0: SINGLE (Flyball, 56D, EV 83.1 MPH)
Batting: RHB Brandon Wilson 0-0: Foul Ball, location: 2F
0-1: Ball
1-1: Called Strike
1-2: Ball
2-2: Strikes out swinging
Batting: RHB Won-sub Ha 0-0: Foul Ball, location: 2F
0-1: Swinging Strike
0-2: Ball
1-2: Fly out, F7 (Flyball, 7LS, EV 83.1 MPH)
Top of the 4th over - 0 runs, 1 hit, 0 errors, 1 left on base; Alameda 2 - Galesburg 1
BOTTOM OF THE 4TH
Galesburg Guzzlers batting - Pitching for Alameda Airmen : RHP Dylan Grandjean
Batting: RHB Gerald Johnston 0-0: Ball
1-0: Called Strike
1-1: Ball
2-1: Foul Ball, location: 2F
2-2: Foul Ball, location: 2F
2-2: Foul Ball, location: 2F
2-2: Strikes out swinging
Batting: LHB Leonid Machehin 0-0: Called Strike
0-1: Ball
1-1: Foul Ball, location: 2F
1-2: Strikes out swinging
Batting: RHB Shi-xian Zhào 0-0: Ball
1-0: Fly out, F9 (Flyball, 9S, EV 78.8 MPH)
Bottom of the 4th over - 0 runs, 0 hits, 0 errors, 0 left on base; Alameda 2 - Galesburg 1
TOP OF THE 5TH
Alameda Airmen batting - Pitching for Galesburg Guzzlers : RHP Hunter Summers
Batting: RHB Nicodemo Nardone 0-0: Swinging Strike
0-1: Ball
1-1: Foul Ball, location: 2F
1-2: Foul Ball, location: 2F
1-2: Foul Ball, location: 2F
1-2: Foul Ball, location: 2F
1-2: Foul Ball, location: 2F
1-2: Ball
2-2: Ball
3-2: Foul Ball, location: 2F
3-2: Foul Ball, location: 2F
3-2: Foul Ball, location: 2F
3-2: DOUBLE (Line Drive, 9LM, EV 101.9 MPH)
Batting: RHB Tuputahi Cani 0-0: Called Strike
0-1: Ball
1-1: Foul Ball, location: 2F
1-2: Strikes out swinging
Batting: RHB John Mast 0-0: Foul Ball, location: 2F
0-1: Fly out, F7 (Flyball, 78S, EV 88.8 MPH)
Batting: RHB Donovan Forde 0-0: Ball
1-0: Ball
2-0: Ball
3-0: Called Strike
3-1: Swinging Strike
3-2: Fly out, F8 (Flyball, 8LD, EV 78.8 MPH)
Top of the 5th over - 0 runs, 1 hit, 0 errors, 1 left on base; Alameda 2 - Galesburg 1
BOTTOM OF THE 5TH
Galesburg Guzzlers batting - Pitching for Alameda Airmen : RHP Dylan Grandjean
Batting: RHB Will Gary 0-0: Ball
1-0: Foul Ball, location: 2F
1-1: SINGLE (Groundball, 34D, EV 95.0 MPH)
Batting: LHB Oscar Finley 0-0: Ball
1-0: Ball
2-0: Called Strike
2-1: Ball
3-1: Called Strike
3-2: Fielders Choice at 2nd, 5-4 (Groundball, 5, EV 108.1 MPH)
Batting: RHB Ju-ho Ko 0-0: Swinging Strike
0-1: Called Strike
0-2: Strikes out swinging
Batting: RHB Bradley Le Maistre 0-0: Ball
1-0: Called Strike
1-1: Ball
2-1: Swinging Strike
2-2: Foul Ball, location: 2F
2-2: Foul Ball, location: 2F
2-2: Ball
3-2: Base on Balls
Oscar Finley to second
Batting: LHB Luis Escribano 0-0: Fly out, F7 (Line Drive, 7, EV 91.2 MPH)
Bottom of the 5th over - 0 runs, 1 hit, 0 errors, 2 left on base; Alameda 2 - Galesburg 1
TOP OF THE 6TH
Alameda Airmen batting - Pitching for Galesburg Guzzlers : RHP Hunter Summers
Pitching: RHP Rob Durnford
Batting: RHB Johnny Jones 0-0: Called Strike
0-1: Called Strike
0-2: Fly out, F9 (Flyball, 89S, EV 93.1 MPH)
Batting: LHB León Sandoval 0-0: DOUBLE (Groundball, 5L, EV 99.4 MPH)
Batting: RHB A.T. Tappman 0-0: Foul Ball, location: 2F
0-1: Ball
1-1: Ball
2-1: Ball
3-1: Ground out 6-3 (Groundball, 6, EV 106.2 MPH)
Batting: RHB Brandon Wilson 0-0: Swinging Strike
0-1: Ball
1-1: Ball
2-1: Foul Ball, location: 2F
2-2: Ball
3-2: Base on Balls
Batting: RHB Won-sub Ha 0-0: Ball
1-0: Fielders Choice at 2nd, 5-4 (Groundball, 5, EV 95.0 MPH)
Top of the 6th over - 0 runs, 1 hit, 0 errors, 2 left on base; Alameda 2 - Galesburg 1
BOTTOM OF THE 6TH
Galesburg Guzzlers batting - Pitching for Alameda Airmen : RHP Dylan Grandjean
Batting: LHB Darryl Harris 0-0: Ball
1-0: Ball
2-0: Foul Ball, location: 2F
2-1: Ball
3-1: Swinging Strike
3-2: Foul Ball, location: 2F
3-2: Base on Balls
Batting: RHB Gerald Johnston 0-0: Ball
1-0: Swinging Strike
1-1: Ball
2-1: Swinging Strike
2-2: Strikes out swinging
Batting: LHB Leonid Machehin 0-0: Ball
1-0: Called Strike
1-1: Called Strike
1-2: Ball
2-2: Ball
3-2: Fly out, F7 (Flyball, 7LM, EV 101.2 MPH)
Pitching: LHP Francisco Ureña
Batting: RHB Shi-xian Zhào 0-0: Ball
1-0: Called Strike
1-1: Ball
2-1: Foul Ball, location: 2F
2-2: Reached on error, E6 (Groundball, 56, EV 83.1 MPH)
Darryl Harris to second
Pinch Runner at 2nd Pedro Martínez:
Batting: RHB Will Gary 0-0: Called Strike
0-1: Called Strike
0-2: Ball
1-2: SINGLE (Line Drive, 8RS, EV 96.9 MPH)
Pedro Martínez to third
Shi-xian Zhào to second
Runner from 3rd tries for Home, SAFE, no throw by CF
Batting: LHB Oscar Finley 0-0: Called Strike
0-1: Swinging Strike
0-2: Foul Ball, location: 2F
0-2: Foul Ball, location: 2F
0-2: Strikes out swinging
Bottom of the 6th over - 1 run, 1 hit, 1 error, 2 left on base; Alameda 2 - Galesburg 2
TOP OF THE 7TH
Alameda Airmen batting - Pitching for Galesburg Guzzlers : RHP Rob Durnford
Now at 1B: Charles Ward
Batting: RHB Nicodemo Nardone 0-0: Ball
1-0: Ball
2-0: Ball
3-0: Base on Balls
Batting: RHB Tuputahi Cani 0-0: Called Strike
0-1: Foul Ball, location: 2F
0-2: Fielders Choice at 2nd, 1-6 (Groundball, 13, EV 82.5 MPH)
Batting: RHB John Mast 0-0: Ball
1-0: Called Strike
1-1: Ball
2-1: Ball
3-1: Foul Ball, location: 2F
3-2: SINGLE (Groundball, 4MD, EV 95.6 MPH)
Tuputahi Cani to second
Batting: RHB Donovan Forde 0-0: Ball
1-0: Ball
2-0: Ball
3-0: Base on Balls
Tuputahi Cani to third
John Mast to second
Batting: RHB Johnny Jones 0-0: Foul Ball, location: 2F
0-1: Foul Ball, location: 2F
0-2: Ball
1-2: Foul Ball, location: 2F
1-2: Grounds into fielders choice 5-2 (Groundball, 56, EV 86.9 MPH)
John Mast to third
Donovan Forde to second
Batting: LHB León Sandoval 0-0: Called Strike
0-1: Fielders Choice at 2nd, U4 (Groundball, 4M, EV 96.2 MPH)
Top of the 7th over - 0 runs, 1 hit, 0 errors, 3 left on base; Alameda 2 - Galesburg 2
BOTTOM OF THE 7TH
Galesburg Guzzlers batting - Pitching for Alameda Airmen : LHP Francisco Ureña
Batting: RHB Ju-ho Ko 0-0: Fly out, F4 (Flyball, 34D, EV 73.8 MPH)
Batting: RHB Bradley Le Maistre 0-0: Ball
1-0: Ball
2-0: Foul Ball, location: 2F
2-1: Swinging Strike
2-2: Foul Ball, location: 2F
2-2: Ball
3-2: Base on Balls
Batting: LHB Luis Escribano 0-0: Called Strike
0-1: Ball
1-1: Swinging Strike
1-2: Strikes out swinging
Batting: RHB Charles Ward 0-0: Foul Ball, location: 2F
0-1: Ball
1-1: Foul Ball, location: 2F
1-2: Fly out, F9 (Flyball, 9LM, EV 92.5 MPH)
Bottom of the 7th over - 0 runs, 0 hits, 0 errors, 1 left on base; Alameda 2 - Galesburg 2
TOP OF THE 8TH
Alameda Airmen batting - Pitching for Galesburg Guzzlers : RHP Rob Durnford
Batting: RHB A.T. Tappman 0-0: Called Strike
0-1: Foul Ball, location: 2F
0-2: Foul Ball, location: 2F
0-2: Foul Ball, location: 2F
0-2: Ball
1-2: Strikes out swinging
Batting: RHB Brandon Wilson 0-0: Called Strike
0-1: Fly out, F9 (Flyball, 9, EV 81.2 MPH)
Batting: RHB Won-sub Ha 0-0: Fly out, F8 (Flyball, 8LD, EV 108.1 MPH)
Top of the 8th over - 0 runs, 0 hits, 0 errors, 0 left on base; Alameda 2 - Galesburg 2
BOTTOM OF THE 8TH
Galesburg Guzzlers batting - Pitching for Alameda Airmen : LHP Francisco Ureña
Batting: RHB Gerald Johnston 0-0: Ground out 5-3 (Groundball, 56S, EV 81.2 MPH)
Batting: LHB Leonid Machehin 0-0: Called Strike
0-1: SINGLE (Groundball, 4MD, EV 108.8 MPH)
Batting: RHB Shi-xian Zhào 0-0: Ball
1-0: Swinging Strike
1-1: Foul Ball, location: 2F
1-2: SINGLE (Groundball, 56, EV 106.2 MPH) (infield hit)
Leonid Machehin to second
Pinch Runner at 2nd António Colón:
Batting: RHB Will Gary 0-0: Foul Ball, location: 2F
0-1: Ground out 5-3 (Groundball, 56S, EV 75.6 MPH)
António Colón to third
Shi-xian Zhào to second
Batting: LHB Oscar Finley 0-0: Swinging Strike
0-1: Ball
1-1: Ground out 1-3 (Groundball, P, EV 61.2 MPH)
Bottom of the 8th over - 0 runs, 2 hits, 0 errors, 2 left on base; Alameda 2 - Galesburg 2
TOP OF THE 9TH
Alameda Airmen batting - Pitching for Galesburg Guzzlers : RHP Rob Durnford
Now in RF: António Colón
Batting: RHB Nicodemo Nardone 0-0: Foul Ball, location: 2F
0-1: Swinging Strike
0-2: Strikes out swinging
Batting: RHB Tuputahi Cani 0-0: Ball
1-0: Called Strike
1-1: Ball
2-1: SINGLE (Groundball, 6MD, EV 100.0 MPH)
Pitching: RHP Aarnoud Luyks
Batting: RHB John Mast 0-0: Called Strike
0-1: Foul Ball, location: 2F
0-2: SINGLE (Line Drive, 9S, EV 92.5 MPH)
Tuputahi Cani to second
Batting: RHB Donovan Forde 0-0: Called Strike
0-1: Ball
1-1: Ball
2-1: SINGLE (Groundball, 3, EV 84.4 MPH) (infield hit)
Tuputahi Cani to third
John Mast to second
Batting: RHB Johnny Jones 0-0: Fly out, F7 (Flyball, 7LD, EV 104.4 MPH)
Runner from 3rd tags up, SCORES, no throw by LF
Batting: LHB León Sandoval 0-0: Fly out, F7 (Flyball, 78M, EV 88.1 MPH)
Top of the 9th over - 1 run, 3 hits, 0 errors, 2 left on base; Alameda 3 - Galesburg 2
BOTTOM OF THE 9TH
Galesburg Guzzlers batting - Pitching for Alameda Airmen : LHP Francisco Ureña
Pitching: LHP John Duimelaar
Batting: RHB Ju-ho Ko 0-0: Ball
1-0: SINGLE (Groundball, 25, EV 65.6 MPH) (infield hit)
Batting: RHB Bradley Le Maistre 0-0: Ball
Pickoff Throw to First - Out! 1-3
1-0: Called Strike
1-1: Swinging Strike
1-2: Fly out, F8 (Line Drive, 8RD, EV 90.6 MPH)
Pinch Hitting: RHB Lieh Tang 0-0: Ball
1-0: Ground out 6-3 (Groundball, 6, EV 82.5 MPH)
Bottom of the 9th over - 0 runs, 1 hit, 0 errors, 0 left on base; Alameda 3 - Galesburg 2
Friday, April 17th, 2020 - OOTP Baseball 20.8 Build 74